 Dungeon Crawl Stone Soup version 0.20.1-1-g8b1a95d (webtiles) character file.

188857 ninurtach the Executioner (level 17, -1/158 HPs)
             Began as a Minotaur Fighter on Nov 9, 2017.
             Was a High Priest of Okawaru.
             Succumbed to poison (poison gas)
             ... on level 2 of the Swamp.
             The game lasted 02:06:23 (47124 turns).

ninurtach the Executioner (Minotaur Fighter)       Turns: 47124, Time: 02:06:24

Health: -1/158     AC: 35    Str: 21    XL:     17   Next: 92%
Magic:  20/23      EV: 12    Int:  5    God:    Okawaru [*****.]
Gold:   1265       SH:  0    Dex: 17    Spells: 16/16 levels left

rFire    + . .     SeeInvis .   W - +1 executioner's axe (freeze)
rCold    + . .     Gourm    .   (shield currently unavailable)
rNeg     . . .     Faith    .   C - +10 plate armour of Hocyor {MR+++ rCorr Str-5 Dex-2}
rPois    +         Spirit   +   T - +2 hat {MR+}
rElec    +         Reflect  .   u - scarf {Spirit}
rCorr    +         Harm     .   P - +1 pair of gloves {Dex+3}
MR       +++++                  r - +2 pair of boots {Fly}
Stlth    ..........             M - amulet of magic regeneration
Regen    0.4/turn               N - +4 ring of strength
MPRegen  0.3/turn               E - ring of poison resistance

@: lethally poisoned (-1 -> -17), resistant, flying, very slightly contaminated,
invisible
A: retaliatory headbutt, horns 2
a: Heroism, Finesse, Renounce Religion, Stop Flying


You were on level 2 of the Swamp.
You worshipped Okawaru.
Okawaru was extremely pleased with you.
You were not hungry.

You visited 6 branches of the dungeon, and saw 29 of its levels.
You visited 1 bazaar.
You also visited: Ice Cave.

You collected 2776 gold pieces.
You spent 1511 gold pieces at shops.

Inventory:

Hand Weapons
 V - the +4 battleaxe "Lont" {flame, Dex+2}
   (Okawaru gifted it to you on level 3 of the Elven Halls)

   It has been specially enchanted to burn those struck by it, causing extra
   injury to most foes and up to half again as much damage against particularly
   susceptible opponents.
   Big, fiery blades are also staple armaments of hydra-hunters.
   It affects your dexterity (+2).
 W - a +1 executioner's axe of freezing (weapon)
Armour
 r - a +2 pair of boots of flying (worn)
 u - a scarf of spirit shield (worn)
 C - the +10 plate armour of Hocyor (worn) {MR+++ rCorr Str-5 Dex-2}
   (You bought it in a shop in a bazaar)

   It affects your strength (-5).
   It affects your dexterity (-2).
   It affects your resistance to hostile enchantments.
   It protects you from acid and corrosion.
 I - a scarf of repulsion
 P - a +1 pair of gloves of dexterity (worn)
 R - a +2 pair of boots
 T - a +2 hat of magic resistance (worn)
Jewellery
 c - an uncursed ring of resist corrosion
 h - an uncursed ring of protection from fire
 i - a +5 ring of evasion
 o - an uncursed ring of see invisible
 E - a ring of poison resistance (right hand)
 H - an uncursed ring of protection from cold
 M - an amulet of magic regeneration (around neck)
 N - a +4 ring of strength (left hand)
 Y - an uncursed ring of protection from cold
Wands
 m - a wand of clouds (1/9)
 x - a wand of disintegration (15/24)
 D - a wand of digging (12/24)
 L - a wand of iceblast (6/15)
 Q - a wand of lightning (8/15)
Scrolls
 b - 3 scrolls of fog
 e - 11 scrolls of teleportation
 j - 14 scrolls of remove curse
 l - 2 scrolls of vulnerability
 n - 2 scrolls of enchant armour
 p - 3 scrolls of blinking
 v - 4 scrolls of recharging
 y - 4 scrolls of immolation
 B - a scroll of acquirement
 F - 3 scrolls of fear
 G - 4 scrolls of identify
 K - a scroll of brand weapon
 S - 5 scrolls of magic mapping
 U - a scroll of summoning
Potions
 d - 2 potions of might
 k - 2 potions of haste
 q - 2 potions of ambrosia
 s - 3 potions of magic
 w - a potion of invisibility
 z - 4 potions of flight
 A - a potion of brilliance
 J - 3 potions of agility
 O - 3 potions of berserk rage
 Z - a potion of cancellation
Miscellaneous
 t - a box of beasts
 X - a crystal ball of energy
Comestibles
 f - 17 bread rations
 g - 2 meat rations


   Skills:
 + Level 16.1 Fighting
 * Level 25.0 Axes
 + Level 15.7 Armour
 - Level 8.0 Dodging
   Level 3.6 Shields
 - Level 10.2 Invocations
 - Level 4.0 Evocations


You had 16 spell levels left.
You didn't know any spells.

Dungeon Overview and Level Annotations

Branches:
Dungeon (15/15) Temple (1/1) D:4 Lair (6/6) D:9 Swamp (2/4) Lair:4 Snake (0/4) Lair:3 Slime (0/5) Lair:6 Orc (2/2) D:9 Elf (3/3) Orc:2 Vaults (0/5) D:13 D:14 Depths (0/5) D:15

Altars:
Ashenzari
Cheibriados
Dithmenos
Elyvilon
Fedhas
Gozag
Hepliaklqana
Kikubaaqudgha
Makhleb
Nemelex Xobeh
Okawaru
Qazlal
Ru
Sif Muna
Trog
Uskayaw
Vehumet
Xom
Yredelemnul
Zin
The Shining One
Jiyva

Shops:
D:5 [*%?   D:6 *   D:8 [   D:9 [   D:10 *[   Orc:2 *:(%   Elf:1 }

Portals:
Pandemonium: Orc:2
Trove: D:10 (show abyssal rune of Zot)

Annotations:
D:3 1 exclusion, Blork the orc
D:8 2 transporters, Erica
Lair:1 exclusion: oklob plant
Lair:5 exclusion: oklob plant


Innate Abilities, Weirdness & Mutations

You reflexively headbutt those who attack you in melee.
You have a pair of horns on your head.


Message History

You see here a vampire mosquito corpse.
You regained 3 hp, and now have 9/158 hp.
You regained 4 mp, and now have 19/23 mp.
Spoiler Alert: The very large slime creature can hit for high damage in melee!
* * * LOW HITPOINT WARNING * * *
You feel sick.
You take 2 damage, and have 7/158 hp.
* * * LOW HITPOINT WARNING * * *
You feel very sick.
You take 3 damage, and have 4/158 hp.
Spoiler Alert: The very large slime creature can hit for high damage in melee!
* * * LOW HITPOINT WARNING * * *
You feel sick.
You take 1 damage, and have 3/158 hp.
Warning x2: The bog body can cast Slow!
The very large slime creature can hit for high damage in melee!
* * * LOW HITPOINT WARNING * * *
You feel sick.
Found a human skeleton.
You take 2 damage, and have 1/158 hp.
You fade into invisibility!
You die...

≈.....≈..≈≈.♣.≈≈≈
..≈....≈≈≈....≈≈♣
.........†.♣♣♣♣
.........<.♣ ♣♣
#####.##.††♣♣.♣♣
#. #n.§.≈♣.♣♣
#.yJ≈≈....
#÷#.##.ty≈≈≈≈≈≈
#.....@≈≈≈≈≈≈≈
........≈≈≈≈≈.≈
.....#..≈≈≈≈≈.≈
+#.###.....%...
... ..♣...♣..≈ ..
..♣ ≈♣♣♣♣.≈ .. ≈.
♣≈ §≈≈ ≈.


You could see an alligator, a very large slime creature, a bog body and 2
vampire mosquitoes.

Vanquished Creatures
  Rupert (D:15)
  A deep elf blademaster (Elf:2)
  Gastronok (D:11)
  Roxanne (Elf:1)
  Donald (Elf:1)
  A fire giant (D:15)
  A deep elf sorcerer (Elf:2)
  Aizul (Elf:1)
  Nessos (D:14)
  2 deep elf demonologists (Elf:3)
  2 deep elf annihilators (Elf:1)
  An ettin (shapeshifter) (D:15)
  A deep elf death mage (Elf:2)
  A fire dragon (D:15)
  3 deep elf high priests
  Harold (D:10)
  10 hydras
  2 catoblepae
  A death knight (D:12)
  10 two-headed ogres
  4 centaur warriors
  23 dancing weapons
  2 alligators (Swamp:1)
  5 death yaks
  4 tengu warriors
  An ogre mage (D:15)
  7 orc high priests (Orc:2)
  15 deep elf knights
  Urug (D:14)
  A soul eater (Orc:2)
  A sea snake (shapeshifter) (Elf:2)
  5 skeletal warriors
  4 unseen horrors (D:15)
  2 gelid demonspawn (Orc:2)
  A torturous demonspawn (Orc:2)
  4 wizards
  2 swamp dragons
  11 deep elf archers
  An orange crystal statue (Elf:3)
  The ghost of colophon the Conjurer, a novice KoCj of Sif Muna (D:7)
  A phantasmal warrior (D:12)
  8 orc knights
  Pikel (D:8)
  An orb spider (shapeshifter) (Elf:3)
  A necromancer (D:10)
  52 deep elf magi
  23 ugly things
  5 manticores
  7 orc sorcerers (Orc:2)
  5 cyclopes
  A wolf spider (Lair:6)
  5 elephants (Lair:3)
  2 centaur zombies
  11 black mambas
  3 ice statues (IceCv)
  A guardian serpent (Lair:6)
  Joseph (D:8)
  19 spiny frogs
  7 komodo dragons
  A rime drake (shapeshifter) (D:14)
  4 freezing wraiths
  3 kobold demonologists
  An ice devil (Orc:2)
  The ghost of Tenz the Covert, a novice KoWr (D:4)
  2 tengu conjurers
  9 trolls
  3 polar bears
  6 meliai (D:13)
  4 hornets
  A tyrant leech (Swamp:1)
  A blink frog (shapeshifter) (Elf:2)
  A bog body (Swamp:2)
  8 slime creatures
  13 hippogriffs
  14 blink frogs
  A redback (Lair:6)
  4 flying skulls (D:10)
  6 shadows
  2 spriggans (Swamp:1)
  15 yaks
  3 water elementals
  A tarantella (shapeshifter) (D:14)
  4 wraiths
  A centaur simulacrum (D:10)
  11 wyverns
  4 basilisks
  2 vampires
  19 humans
  Sigmund (D:2)
  2 air elementals
  A fire elemental (Elf:1)
  26 vampire mosquitoes
  2 hungry ghosts
  6 wargs
  9 swamp worms
  A chaos spawn (Orc:2)
  5 insubstantial wisps (Swamp:1)
  A naga (Lair:3)
  An acid dragon (D:15)
  21 water moccasins
  7 porcupines
  47 orc warriors
  13 ice beasts
  A hornet zombie (D:15)
  2 black bears (D:9)
  A swamp drake (Swamp:1)
  4 sky beasts
  4 slaves (D:8)
  4 wolves
  2 eyes of draining
  A boggart (Elf:1)
  9 ogres
  A phantom (Temple)
  25 centaurs
  8 crocodiles
  4 big kobolds
  22 bullfrogs
  A gnoll sergeant (Orc:2)
  An earth elemental (Elf:1)
  3 scorpions
  2 wyvern skeletons (D:10)
  19 wights
  6 electric eels
  3 howler monkeys
  3 bullfrog zombies
  6 crimson imps
  9 hounds
  31 orc priests
  11 centaur skeletons
  A bullfrog skeleton (D:10)
  3 jellies
  27 orc wizards
  Jessica (D:2)
  Terence (D:2)
  5 iguanas
  2 hell rats (Lair:1)
  10 worker ants
  4 hound zombies
  2 hound skeletons
  A howler monkey zombie (D:6)
  Robin (D:2)
  3 worker ant zombies
  3 gnolls (D:4)
  23 adders
  A howler monkey skeleton (D:6)
  7 river rats (Lair:1)
  5 shadow imps
  A howler monkey simulacrum (D:10)
  A white imp (D:10)
  An ufetubus (D:10)
  2 oozes
  An adder skeleton (D:10)
  2 adder zombies
  A worm (D:8)
  2 dart slugs (D:1)
  An adder simulacrum (D:10)
  4 leopard geckos
  98 orcs
  14 bats
  9 giant cockroaches
  21 goblins
  5 hobgoblins
  14 jackals
  15 kobolds
  8 quokkas
  3 ball pythons
  7 frilled lizards
  A giant cockroach zombie (D:5)
  A jackal skeleton (D:5)
  A leopard gecko skeleton (D:9)
  11 rats
  9 fungi
  2 plants
1098 creatures vanquished.

Vanquished Creatures (others)
  An unseen horror (D:11)
  An orc wizard (D:11)
  An orc (D:11)
  26 fungi
  26 plants
55 creatures vanquished.

Grand Total: 1153 creatures vanquished

Notes
Turn   | Place    | Note
-------+----------+-------------------------------------------
     0 | D:1      | ninurtach the Minotaur Fighter began the quest for the Orb.
     0 | D:1      | Reached XP level 1. HP: 19/19 MP: 0/0
    16 | D:1      | Reached skill level 3 in Axes
    80 | D:1      | Reached XP level 2. HP: 26/26 MP: 1/1
   469 | D:1      | Reached skill level 4 in Axes
   533 | D:1      | Reached XP level 3. HP: 27/31 MP: 2/2
   867 | D:2      | Noticed Jessica
   875 | D:2      | Killed Jessica
   875 | D:2      | Reached skill level 5 in Axes
   875 | D:2      | Reached XP level 4. HP: 38/39 MP: 3/3
   931 | D:2      | Noticed Sigmund
   944 | D:2      | Killed Sigmund
   944 | D:2      | Reached skill level 7 in Axes
   944 | D:2      | Reached XP level 5. HP: 45/45 MP: 4/4
   970 | D:2      | Found a basalt altar of Yredelemnul.
  1222 | D:2      | Found a bloodstained altar of Trog.
  1254 | D:2      | Noticed Robin
  1281 | D:2      | Killed Robin
  1314 | D:2      | Reached XP level 6. HP: 37/51 MP: 5/5
  1496 | D:2      | Found an iron altar of Okawaru.
  1498 | D:2      | Found a shadowy altar of Dithmenos.
  1502 | D:2      | Noticed Terence
  1512 | D:2      | Killed Terence
  1598 | D:2      | Reached skill level 8 in Axes
  2191 | D:3      | Noticed Blork the orc
  2240 | D:3      | Found a deep blue altar of Sif Muna.
  2798 | D:4      | Found a staircase to the Ecumenical Temple.
  3101 | Temple   | Entered the Ecumenical Temple
  3459 | Temple   | Reached skill level 9 in Axes
  3663 | D:4      | Reached XP level 7. HP: 50/57 MP: 6/6
  3769 | D:4      | Found a shattered altar of Ashenzari.
  4037 | D:4      | Reached skill level 10 in Axes
  4445 | D:4      | Noticed Tenz's ghost (novice KoWr)
  4457 | D:4      | Killed Tenz's ghost
  4457 | D:4      | Reached skill level 5 in Fighting
  4457 | D:4      | Reached XP level 8. HP: 60/68 MP: 7/7
  4725 | D:4      | Found a sparkling altar of Nemelex Xobeh.
  4769 | D:2      | Became a worshipper of Warmaster Okawaru
  4811 | D:5      | Entered Level 5 of the Dungeon
  5071 | D:5      | Found Aniaca's Magic Scroll Shoppe.
  5075 | D:5      | Bought a scroll of identify for 30 gold pieces
  5075 | D:5      | Bought a scroll of random uselessness for 15 gold pieces
  5075 | D:5      | Bought a scroll of immolation for 52 gold pieces
  5075 | D:5      | Bought a scroll of identify for 30 gold pieces
  5087 | D:5      | Found an ancient bone altar of Kikubaaqudgha.
  5147 | D:5      | Found Zekame's Food Boutique.
  5174 | D:5      | Found Abbuniti's Assorted Antiques.
  5346 | D:5      | Reached skill level 5 in Armour
  5370 | D:5      | Found Cacaalo's Antique Armour Emporium.
  5623 | D:5      | Found a glowing golden altar of the Shining One.
  5842 | D:6      | Reached * piety under Okawaru
  6142 | D:5      | Bought a scroll of enchant armour for 112 gold pieces
  6178 | D:6      | Found Xeiseih's General Store.
  6275 | D:6      | Found a burning altar of Makhleb.
  6277 | D:6      | Found a glowing silver altar of Zin.
  6277 | D:6      | Noticed an angel
  6278 | D:6      | Noticed a blizzard demon
  6440 | D:6      | Noticed a two-headed ogre
  6449 | D:6      | Killed a two-headed ogre
  6449 | D:6      | Reached ** piety under Okawaru
  6449 | D:6      | Reached XP level 9. HP: 83/83 MP: 5/8
  6579 | D:7      | Reached skill level 5 in Dodging
  6800 | D:7      | Noticed colophon's ghost (novice KoCj)
  7034 | D:7      | Killed colophon's ghost
  7034 | D:7      | Reached skill level 1 in Invocations
  7224 | D:7      | Reached skill level 10 in Fighting
  7239 | D:7      | Reached *** piety under Okawaru
  7709 | D:7      | Found a white marble altar of Elyvilon.
  8133 | D:8      | Found Hueboede's Armour Shoppe.
  8133 | D:8      | Noticed Joseph
  8149 | D:8      | Killed Joseph
  8149 | D:8      | Reached XP level 10. HP: 51/94 MP: 8/11
  8327 | D:8      | Noticed a two-headed ogre
  8340 | D:8      | Killed a two-headed ogre
  8340 | D:8      | Reached **** piety under Okawaru
  8507 | D:8      | Found a transporter.
  8526 | D:8      | Noticed Erica
  8534 | D:8      | Found a transporter.
  8831 | D:8      | Noticed Pikel
  8848 | D:8      | Killed Pikel
  9018 | D:8      | Found a snail-covered altar of Cheibriados.
 10110 | D:9      | Found a staircase to the Lair.
 10335 | D:9      | Received a gift from Okawaru
 10621 | D:9      | Found Mugh's Antique Armour Emporium.
 11010 | D:9      | Reached skill level 5 in Invocations
 11038 | D:9      | Found a staircase to the Orcish Mines.
 11298 | D:9      | Reached XP level 11. HP: 35/102 MP: 10/13
 11739 | D:9      | Noticed a two-headed ogre
 11747 | D:9      | Killed a two-headed ogre
 11747 | D:9      | Reached skill level 11 in Axes
 12005 | D:10     | Entered Level 10 of the Dungeon
 12018 | D:10     | Noticed a death yak
 12033 | D:10     | Killed a death yak
 12033 | D:10     | Reached ***** piety under Okawaru
 12096 | D:10     | Noticed Harold
 12215 | D:10     | Reached skill level 10 in Armour
 12546 | D:10     | Reached skill level 12 in Axes
 12574 | D:10     | Noticed a necromancer
 12706 | D:10     | Noticed a skeletal warrior
 12721 | D:10     | Killed a skeletal warrior
 12726 | D:10     | Received a gift from Okawaru
 12741 | D:10     | Killed a necromancer
 12998 | D:10     | Reached skill level 13 in Axes
 13094 | D:10     | Found Lim Ibby's Antique Armour Emporium.
 13101 | D:10     | Found Fiptean's General Store.
 13265 | D:10     | Reached XP level 12. HP: 70/110 MP: 16/16
 13834 | D:10     | Killed Harold
 14069 | D:10     | Found a portal to a secret trove of treasure.
 14150 | Lair:1   | Entered Level 1 of the Lair of Beasts
 14327 | Lair:1   | Found a frozen archway.
 14363 | Lair:1   | HP: 2/110 [basilisk (6)]
 14609 | IceCv    | Entered an ice cave
 14967 | IceCv    | Reached skill level 14 in Axes
 15734 | Lair:1   | Received a gift from Okawaru
 17290 | Lair:2   | Noticed a four-headed hydra
 17331 | Lair:2   | Killed a five-headed hydra
 17571 | Lair:2   | Reached skill level 15 in Axes
 18220 | Lair:3   | Found a staircase to the Snake Pit.
 18298 | Lair:3   | Reached XP level 13. HP: 85/117 MP: 18/18
 19354 | Lair:4   | Reached skill level 16 in Axes
 20058 | Lair:4   | Found a staircase to the Swamp.
 22187 | Orc:1    | Entered Level 1 of the Orcish Mines
 22980 | Orc:2    | Entered Level 2 of the Orcish Mines
 22992 | Orc:2    | Found Hirrosmi's Assorted Antiques.
 23141 | Orc:2    | Reached skill level 17 in Axes
 23355 | Orc:2    | Found a staircase to the Elven Halls.
 23948 | Orc:2    | HP: 5/119 [orc knight/great mace (4)]
 24698 | Orc:2    | Reached XP level 14. HP: 76/129 MP: 12/20
 24700 | Orc:2    | Found Nenkuwn's Food Boutique.
 24706 | Orc:2    | Found Dinguoq's Food Shop.
 25729 | Orc:2    | Received a gift from Okawaru
 25739 | Orc:2    | Reached skill level 10 in Invocations
 26233 | Orc:2    | Found Irobbig's Book Shoppe.
 26233 | Orc:2    | Found Fus Sois's Antique Weapon Emporium.
 26234 | Orc:2    | Found a one-way gate leading to the halls of Pandemonium.
 26443 | Orc:2    | Reached skill level 18 in Axes
 27041 | Orc:2    | Bought an encrusted garnet ring for 190 gold pieces
 27150 | D:5      | Bought a peridot ring for 130 gold pieces
 27151 | D:5      | Identified a scroll of acquirement
 27309 | Lair:6   | Entered Level 6 of the Lair of Beasts
 28318 | Lair:6   | Found a viscous altar of Jiyva.
 28318 | Lair:6   | Found a staircase to the Slime Pits.
 28719 | Lair:6   | Reached skill level 19 in Axes
 28877 | Lair:6   | Reached ****** piety under Okawaru
 28880 | Lair:6   | Received a gift from Okawaru
 29661 | Elf:1    | Entered Level 1 of the Elven Halls
 29711 | Elf:1    | Found Ydaph's Gadget Emporium.
 29745 | Elf:1    | Noticed Donald
 30081 | Elf:1    | Noticed Aizul
 30108 | Elf:1    | Killed Aizul
 30416 | Elf:1    | Killed Donald
 30416 | Elf:1    | Reached XP level 15. HP: 80/137 MP: 14/21
 30717 | Elf:1    | Reached skill level 20 in Axes
 31461 | Elf:1    | Noticed Roxanne
 32044 | Elf:1    | Received a gift from Okawaru
 32048 | Elf:1    | Reached skill level 21 in Axes
 32648 | Elf:1    | Killed Roxanne
 32649 | Elf:1    | Identified Roxanne's Guide on Transmutation (You took it off Roxanne on level 1 of the Elven Halls)
 32947 | Elf:2    | Found a flickering gateway to a bazaar.
 32979 | Bazaar   | Entered a bazaar
 33194 | Bazaar   | Found Liefam's Book Shoppe.
 33209 | Bazaar   | Found Foah's Book Shoppe.
 33209 | Bazaar   | Found Cuott's Antique Armour Emporium.
 33314 | Bazaar   | Bought a bronze plate armour for 952 gold pieces
 33332 | Bazaar   | Identified the +10 plate armour of Hocyor {MR+++ rCorr Str-5 Dex-2} (You bought it in a shop in a bazaar)
 34372 | Elf:2    | Found a huge runed gate.
 34372 | Elf:2    | Found a huge runed gate.
 34372 | Elf:2    | Found a huge runed gate.
 34391 | Elf:2    | Reached skill level 22 in Axes
 34393 | Elf:2    | Received a gift from Okawaru
 34399 | Elf:2    | Found a huge runed gate.
 34400 | Elf:2    | Found a huge runed gate.
 34692 | Elf:2    | Noticed a deep elf blademaster
 34720 | Elf:2    | Killed a deep elf blademaster
 35370 | Elf:2    | Reached XP level 16. HP: 145/145 MP: 22/22
 35417 | Elf:2    | Received a gift from Okawaru
 35496 | Elf:2    | Reached skill level 23 in Axes
 36280 | Elf:2    | Reached skill level 1 in Evocations
 36453 | Elf:3    | Entered Level 3 of the Elven Halls
 36735 | Elf:3    | Noticed an Executioner
 36740 | Elf:3    | Received a gift from Okawaru
 36747 | Elf:3    | Got a fine battleaxe {god gift}
 36753 | Elf:3    | Identified the +4 battleaxe "Lont" {flame, Dex+2} (Okawaru gifted it to you on level 3 of the Elven Halls)
 36873 | Elf:3    | HP: 6/146 [burnt (4)]
 36875 | Elf:3    | HP: 1/146 [burnt (4)]
 37883 | Elf:3    | Noticed a deep elf blademaster
 37886 | Elf:3    | Noticed a deep elf blademaster
 37915 | Elf:3    | Killed a deep elf blademaster
 37994 | Elf:2    | Received a gift from Okawaru
 40456 | D:11     | Noticed Gastronok
 40468 | D:11     | Killed Gastronok
 41355 | D:13     | Reached XP level 17. HP: 150/154 MP: 21/23
 41499 | D:13     | Reached skill level 15 in Fighting
 41668 | D:14     | Found a gate to the Vaults.
 41668 | D:14     | Noticed Nessos
 41668 | D:14     | Noticed Urug
 41882 | D:14     | Killed Urug
 41895 | D:14     | Killed Nessos
 41895 | D:14     | Reached skill level 24 in Axes
 42285 | D:14     | Found a white marble altar of Elyvilon.
 43288 | D:15     | Entered Level 15 of the Dungeon
 43402 | D:15     | Found a staircase to the Depths.
 43901 | D:15     | Reached skill level 15 in Armour
 44591 | D:15     | Noticed Rupert
 44603 | D:15     | Killed Rupert
 45947 | Swamp:1  | Entered Level 1 of the Swamp
 46136 | Swamp:1  | Received a gift from Okawaru
 46447 | Swamp:1  | Received a gift from Okawaru
 47093 | Swamp:2  | Reached skill level 25 in Axes
 47115 | Swamp:2  | HP: 6/158 [poison (poison gas)]
 47120 | Swamp:2  | HP: 7/158 [poison (poison gas)]
 47122 | Swamp:2  | HP: 3/158 [poison (poison gas)]
 47123 | Swamp:2  | HP: 1/158 [poison (poison gas)]
 47124 | Swamp:2  | Succumbed to poison (poison gas)

Skill      XL: |  1  2  3  4  5  6  7  8  9 10 11 12 13 14 15 16 17 |
---------------+----------------------------------------------------+-----
Axes           | 3 4 5 7 9 10 13 15 17 19 22 23 25 | 25.0
Fighting       | 5 9 10 11 13 14 16 | 16.1
Armour         | 4 6 7 9 10 12 13 14 15 | 15.7
Dodging        | 2 4 6 7 8 |  8.0
Invocations    | 2 5 7 8 9 10 | 10.2
Evocations     | 4 |  4.0
Shields        | |  3.6

Action                   |  1- 3 |  4- 6 |  7- 9 | 10-12 | 13-15 | 16-18 || total
-------------------------+-------+-------+-------+-------+-------+-------++-------
Melee: War axe           |    66 |   146 |   270 |   339 |       |       ||   821
       Headbutt          |    13 |    24 |    52 |   162 |   233 |   226 ||   710
       Battleaxe         |       |       |       |   194 |       |    91 ||   285
       Executioner's axe |       |       |       |   138 |  1059 |   929 ||  2126
Throw: Throwing net      |       |       |       |     1 |     1 |       ||     2
Invok: Heroism           |       |       |     4 |    13 |    26 |    17 ||    60
       Finesse           |       |       |       |     8 |    23 |     6 ||    37
 Abil: Stop Flying       |       |       |       |       |       |     1 ||     1
       Evoke Flight      |       |       |       |       |       |     1 ||     1
Evoke: Wand              |       |       |       |    10 |     4 |     3 ||    17
       Box of beasts     |       |       |       |       |     2 |       ||     2
  Use: Potion            |       |     1 |       |     2 |    11 |    11 ||    25
       Scroll            |       |       |     8 |    14 |     9 |     7 ||    38
 Stab: Invisible         |       |       |       |       |    11 |       ||    11
       Petrified         |       |       |       |       |     5 |       ||     5
       Distracted        |       |       |       |       |     1 |       ||     1
  Eat: Chunk             |       |     7 |     7 |    21 |    27 |    20 ||    82
       Meat ration       |       |     1 |     1 |     1 |     1 |     2 ||     6
       Royal jelly       |       |       |       |     1 |     1 |     3 ||     5
       Bread ration      |       |       |       |     1 |       |       ||     1
       Fruit             |       |       |       |       |    24 |     5 ||    29
Armor: Scale mail        |    23 |    58 |    70 |    32 |       |       ||   183
       Plate armour      |       |       |       |   303 |   507 |   697 ||  1507
Dodge: Dodged            |    14 |    43 |    75 |   292 |   543 |   605 ||  1572
       Deflected         |       |       |       |       |    38 |    33 ||    71
Block: Shield            |    35 |    77 |   116 |   134 |       |       ||   362
